 Dungeon Crawl Stone Soup version 0.26-a0-652-gafc20e3620 (webtiles) character file.

Game seed: 14968876179413114132

1291 jasper the Chopper (level 8, -1/67 HPs)
             Began as a Demigod Fighter on Oct 1, 2020.
             Slain by an ogre mage
             ... wielding a +0 club
              (4 damage)
             ... on level 7 of the Dungeon.
             The game lasted 00:06:52 (6308 turns).

jasper the Chopper (Demigod Fighter)                Turns: 6308, Time: 00:06:53

Health: -1/67      AC: 13    Str: 23    XL:     8   Next: 9%
Magic:  10/10      EV:  6    Int: 12    God:
Gold:   478        SH:  0    Dex: 15    Spells: 7/7 levels left

rFire    . . .     SeeInvis .   a - +1 war axe
rCold    . . .     Faith    .   c - +1 kite shield
rNeg     . . .     Spirit   .   C - +0 chain mail
rPois    .         Reflect  .   E - +0 helmet
rElec    .         Harm     .   A - +0 cloak
rCorr    .         Rampage  .   (no gloves)
MR       .....                  f - +0 pair of boots
Stlth    ..........             (no amulet)
HPRegen  0.21/turn              (no ring)
MPRegen  0.12/turn              (no ring)

@: confused, mighty, lethally poisoned (-1 -> -12), stab, slowed, very slow
A: high mp 1
a: no special abilities


You were on level 7 of the Dungeon.
You visited 1 branch of the dungeon, and saw 7 of its levels.

You collected 478 gold pieces.

Inventory:

Hand Weapons
 a - a +1 war axe (weapon)
 x - a +2 vorpal flail
Missiles
 p - 10 boomerangs (quivered)
 v - 4 poisoned darts
Armour
 b - a +0 scale mail
 c - a +1 kite shield (worn)
 f - a +0 pair of boots (worn)
 A - a +0 cloak (worn)
 C - a +0 chain mail (worn)
 E - a +0 helmet (worn)
Wands
 w - a wand of polymorph (7)
 D - a wand of acid (10)
 F - a wand of paralysis (9)
Scrolls
 j - a scroll of magic mapping
 k - 5 scrolls of teleportation
 l - 3 scrolls of immolation
 m - a scroll of random uselessness
 o - a scroll of enchant weapon
 q - 6 scrolls of remove curse
 t - a scroll of enchant armour
 u - 2 scrolls of fear {unknown}
 y - 2 scrolls of identify
 B - 3 scrolls of fog {unknown}
Potions
 e - a potion of mutation
 g - 4 potions of curing {unknown}
 h - 2 potions of flight
 i - 2 potions of cancellation
 n - 3 potions of brilliance
 s - a potion of stabbing
 z - a potion of ambrosia {unknown}


   Skills:
 + Level 4.8 Fighting
 * Level 6.0 Axes
 + Level 4.8 Armour
 - Level 0.9 Dodging
 + Level 4.9 Shields


You had 7 spell levels left.
You didn't know any spells.
Your spell library contained the following spells:

 Spells                   Type           Power        Failure   Level
 Animate Skeleton         Necr           #.....       100%        1
 Apportation              Tloc           #.....       100%        1
 Corona                   Hex            #......      100%        1
 Freeze                   Ice            #...         100%        1
 Summon Small Mammal      Summ           #...         100%        1
 Frozen Ramparts          Ice            #.....       100%        3
 Ozocubu's Armour         Ice            #.......     100%        3
 Hailstorm                Conj/Ice       #.......     100%        4
 Summon Ice Beast         Ice/Summ       #.......     100%        4


Dungeon Overview and Level Annotations

Branches:
Dungeon (7/15)             Temple (0/1) D:6

Shops:
D:4 [

Annotations:
D:6 exclusion: oklob plant
D:7 1 runed translucent door, Crazy Yiuf


Innate Abilities, Weirdness & Mutations

You have an increased reservoir of magic. (+10% MP)


Message History

Your chain mail prevents you from hitting something.
You feel very sick. Something hits you! Something hits you.
* * * LOW HITPOINT WARNING * * *
The ogre mage hits you from afar with a cursed +0 halberd!
* * * LOW HITPOINT WARNING * * *
Something hits you but does no damage.
You feel much better.
You feel sick. Something hits you.
The ogre mage casts a spell.
The ogre mage seems to speed up.
Something hits you.
* * * LOW HITPOINT WARNING * * *
The ogre mage hits you but does no damage.
It was a potion of stabbing.
You feel ready to backstab.
You feel sick. Something hits you!
* * * LOW HITPOINT WARNING * * *
The ogre mage hits you from afar with a cursed +0 halberd!
* * * LOW HITPOINT WARNING * * *
Something hits you.
You die...

#.....#..!#.#
#.#####.# #.#
#...#... #.#
###)#.### #.#
#.....# #.##
###.#.###..#
#...#...#..#
#.#####.#..#
...#O{@..#..#
#####O#####..#
#...Z...#..#
#..ZO..#.#..#
#.....### #..#
#.###.# #..#
... ##| #..#
#.# # #..# '.
#..#


You could see 2 ogre magi.

Vanquished Creatures
  Duvessa (D:4)
  A sky beast (D:6)
  2 ogres
  3 bullfrogs (D:6)
  Dowan (D:4)
  A scorpion (D:4)
  A howler monkey (D:6)
  A jelly (D:6)
  A hound (D:5)
  3 orc wizards
  Jessica (D:2)
  A bullfrog skeleton (D:6)
  Natasha (thrice) (D:3)
  An iguana (D:6)
  3 worker ants
  A hound skeleton (D:6)
  A howler monkey skeleton (D:5)
  4 adders
  3 shadow imps
  2 ufetubi
  2 adder zombies
  An adder skeleton (D:4)
  2 dart slugs
  6 leopard geckos
  19 orcs
  10 giant cockroaches
  4 goblins
  6 hobgoblins
  9 jackals
  7 kobolds
  2 quokkas
  A ball python (D:1)
  10 bats
  6 frilled lizards
  2 jackal zombies (D:5)
  A leopard gecko skeleton (D:4)
  8 rats
  3 rat zombies (D:4)
134 creatures vanquished.

Vanquished Creatures (others)
  27 plants
27 creatures vanquished.

Grand Total: 161 creatures vanquished

Notes
Turn   | Place    | Note
-------+----------+-------------------------------------------
     0 | D:1      | jasper the Demigod Fighter began the quest for the Orb.
     0 | D:1      | Reached XP level 1. HP: 18/18 MP: 3/3
   133 | D:1      | Reached skill level 2 in Axes
   137 | D:1      | Reached XP level 2. HP: 20/25 MP: 4/4
   541 | D:1      | Reached XP level 3. HP: 25/30 MP: 5/5
   830 | D:2      | Noticed Jessica
   836 | D:2      | Killed Jessica
  1680 | D:3      | Reached skill level 3 in Axes
  1680 | D:3      | Reached XP level 4. HP: 38/38 MP: 6/6
  1821 | D:3      | Noticed Natasha
  1830 | D:3      | Killed Natasha
  2103 | D:3      | Found a blossoming altar of Fedhas.
  2137 | D:3      | Noticed Natasha
  2142 | D:3      | Killed Natasha
  2142 | D:3      | Reached XP level 5. HP: 43/45 MP: 7/7
  2226 | D:3      | Found a shimmering altar of Xom.
  2393 | D:3      | Noticed Natasha
  2401 | D:3      | Killed Natasha
  2676 | D:3      | Found a shimmering blue altar of Sif Muna.
  2772 | D:4      | Found Tekhlo's Antique Armour Shop.
  2852 | D:4      | Reached skill level 4 in Axes
  2853 | D:4      | Reached XP level 6. HP: 32/51 MP: 8/8
  3105 | D:4      | Found a shadowy altar of Dithmenos.
  3465 | D:4      | Noticed Duvessa
  3465 | D:4      | Noticed Dowan
  3472 | D:4      | Killed Duvessa
  3474 | D:4      | Killed Dowan
  3514 | D:4      | Found an ancient bone altar of Kikubaaqudgha.
  3599 | D:5      | Entered Level 5 of the Dungeon
  3870 | D:5      | Reached XP level 7. HP: 38/59 MP: 9/9
  3991 | D:5      | Reached skill level 5 in Axes
  4037 | D:5      | Found a blossoming altar of Fedhas.
  4739 | D:6      | Found a glowing golden altar of the Shining One.
  4742 | D:6      | Noticed an oklob plant
  4842 | D:6      | Found a staircase to the Ecumenical Temple.
  5666 | D:7      | Reached XP level 8. HP: 67/67 MP: 10/10
  5788 | D:7      | Reached skill level 6 in Axes
  6211 | D:7      | Found a runed translucent door.
  6212 | D:7      | Noticed Crazy Yiuf
  6290 | D:7      | Noticed an ogre mage
  6291 | D:7      | Noticed an ogre mage
  6293 | D:7      | Noticed an ogre mage
  6308 | D:7      | HP: 3/67 [ogre mage/cursed +0 halberd (7)]
  6308 | D:7      | Slain by an ogre mage

Illustrated notes

Levels and vault maps discovered:
D:1:      dpeg_arrival_boxes_within_box, layout_rooms
D:2:      layout_basic, uniq_jessica
D:3:      layout_loops_ring, lemuel_blue_sif_altar, old_standard_altar,
          lemuel_tele_altar, uniq_natasha
D:4:      layout_loops_ring, old_standard_altar,
          lemuel_zombie_altar_kikubaaqudgha, serial_shops, shop, uniq_duvessa
D:5:      layout_basic, lemuel_doored_altar, serial_bayou_lagoon_a
D:6:      layout_loops_corners, minmay_temple_entry_large_hall,
          lemuel_oklob_altar
D:7:      layout_loops_ring, minivault_23, minmay_the_grid_2x2
          [minmay_the_grid_paths, minmay_the_grid_tri_star,
          minmay_the_grid_doors, minmay_the_grid_prize_four_corners_diamond_b],
          uniq_crazy_yiuf_cottage

Skill      XL: |  1  2  3  4  5  6  7  8 |
---------------+-------------------------+-----
Axes           | 2 3 4 5 6 |  6.0
Fighting       | 3 4 |  4.8
Armour         | 3 4 |  4.8
Shields        | 3 4 |  4.9
Dodging        | |  0.9

Action                   |  1- 3 |  4- 6 |  7- 9 || total
-------------------------+-------+-------+-------++-------
Melee: War axe           |   109 |   189 |   125 ||   423
Throw: Boomerang         |     7 |     9 |       ||    16
  Use: Scroll            |    12 |     1 |       ||    13
       Potion            |       |     3 |     5 ||     8
Armor: Scale mail        |    41 |    63 |       ||   104
       Skin              |       |     6 |       ||     6
       Chain mail        |       |     3 |    66 ||    69
Dodge: Dodged            |    29 |    41 |    32 ||   102
Block: Kite shield       |    78 |   102 |    73 ||   253

Table legend: (Time is in decaauts)
 A = Elapsed time spent in this place.
 B = Non-inter-level travel time spent in this place.
 C = Inter-level travel time spent in this place.
 D = Time resting spent in this place.
 E = Time spent auto-exploring this place.
 F = Levels seen in this place.
 G = Mean time per level.
                   A        B        C        D        E       F      G
               +--------+--------+--------+--------+--------+-----+--------+
         Total |   6491 |   6288 |    203 |    271 |   4978 |   7 |  927.3 |
       Dungeon |   6491 |   6288 |    203 |    271 |   4978 |   7 |  927.3 |
               +--------+--------+--------+--------+--------+-----+--------+

Top non-repeatable levels by time:
     D:3: 1157 daAuts
     D:6: 1087 daAuts
     D:5: 1023 daAuts
     D:2: 973 daAuts
     D:4: 864 daAuts
     D:1: 724 daAuts
     D:7: 660 daAuts
